 Dungeon Crawl Stone Soup version 0.27-a0-705-ga0013940fb (webtiles) character file.

Game seed: 8331955636649333194

208 pistachioham the Chopper (level 5, -3/48 HPs)
             Began as a Minotaur Fighter on Mar 22, 2021.
             Slain by an orc priest
             ... wielding a +0 hand axe
              (4 damage)
             ... on level 3 of the Dungeon.
             The game lasted 00:09:04 (2961 turns).

pistachioham the Chopper (Minotaur Fighter)         Turns: 2961, Time: 00:09:05

Health: -3/48      AC:  6    Str: 21    XL:     5   Next: 55%
Magic:  4/4        EV:  7    Int:  5    God:
Gold:   183        SH:  9    Dex: 10    Spells: 4/4 levels left

rFire    . . .     SeeInvis .   a - +0 war axe
rCold    . . .     Faith    .   c - +0 kite shield
rNeg     . . .     Spirit   .   e - +0 scale mail
rPois    .         Reflect  .   (helmet restricted)
rElec    .         Harm     .   (no cloak)
rCorr    .         Rampage  .   (no gloves)
Will     .....                  (no boots)
Stlth    ..........             (no amulet)
HPRegen  0.16/turn              (no ring)
MPRegen  0.09/turn              (no ring)

@: no status effects
A: horns 2, retaliatory headbutt
a: no special abilities


You were on level 3 of the Dungeon.
You visited 1 branch of the dungeon, and saw 3 of its levels.
You also visited: Sewer.

You collected 183 gold pieces.

Inventory:

Hand Weapons
 a - a +0 war axe (weapon)
 b - a +1 vorpal fustibalus
Missiles
 f - 66 stones (quivered)
 h - 8 javelins
 o - 14 sling bullets
Armour
 c - a +0 kite shield (worn)
 e - a +0 scale mail (worn)
 g - a +0 tower shield
 t - a +0 buckler
Scrolls
 j - a scroll of amnesia {unknown}
 k - a scroll of immolation {unknown}
 l - a scroll of enchant armour {unknown}
 n - 2 scrolls of teleportation
Potions
 d - a potion of might
 i - a potion of mutation
 m - a potion of attraction {unknown}
 p - 2 potions of degeneration {unknown}
 q - 2 potions of flight {unknown}
 r - 2 potions of invisibility {unknown}
 s - a potion of resistance {unknown}
 u - a potion of magic {unknown}


   Skills:
 + Level 5.2 Fighting
 * Level 5.8 Axes
 + Level 0.9 Slings
 - Level 3.6 Armour
 - Level 3.6 Shields


You had 4 spell levels left.
You didn't know any spells.
Your spell library contained the following spells:

 Spells                   Type           Power      Damage    Failure   Level
 Corona                   Hex            0%         N/A       99%         1
 Ensorcelled Hibernation  Hex/Ice        0%         N/A       100%        2
 Confusing Touch          Hex            0%         N/A       100%        3
 Dazzling Flash           Conj/Hex       0%         N/A       100%        3
 Tukima's Dance           Hex            0%         N/A       100%        3


Dungeon Overview and Level Annotations

Branches:
Dungeon (3/15)              Sewer (visited)

Altars:
Ru
Xom


Innate Abilities, Weirdness & Mutations

You have a pair of horns on your head.
You reflexively headbutt those who attack you in melee.


Message History

An orc priest comes into view. It is wielding a +0 hand axe.
The orc wizard casts a spell at you. The puff of flame hits you!
The orc hits you but does no damage.
Your shield prevents you from hitting the orc wizard.
You slash the orc!
You kill the orc!
You closely miss the orc. The orc closely misses you. You furiously retaliate!
You headbutt the orc. The orc wizard casts a spell at you.
The magic dart hits you. You block the orc's attack.
You block the orc wizard's attack.
An orc comes into view. It is wielding a +0 club.
You barely miss the orc priest. You headbutt the orc priest.
The orc priest is moderately wounded.
You hit the orc wizard. You barely miss the orc.
The orc priest looks braver for a moment.
You block the orc wizard's attack. You block the orc's attack.
The orc priest hits you with a +0 hand axe!
Unknown command.
You slash the orc priest!
The orc priest is almost dead.
You hit the orc.
You kill the orc!
You slash the orc wizard!
The orc wizard hits you with a +0 dagger.
The orc priest hits you with a +0 hand axe.
* * * LOW HITPOINT WARNING * * *
You block the orc wizard's attack.
You hit the orc priest but do no damage.
The orc priest is almost dead.
You barely miss the orc. You barely miss the orc wizard.
You block the orc's attack.
The orc priest invokes the aid of Beogh against you.
Pain shoots through your body!
* * * LOW HITPOINT WARNING * * *
The orc wizard hits you but does no damage.
The orc hits you with a +0 club.
* * * LOW HITPOINT WARNING * * *
The orc priest hits you with a +0 hand axe.
You die...

*** *## *,***##<#
*,,,,...# *,***#..#
*,* #oo# *,* #@o#
*,* #.)# *,* #..#
*****,***#..#
*,,,,,,,*#..#
*,,,,,,,*#..#
*,,,,,,,*#..#
*,,,,,,,*#..#
*****+####..#######


You could see an orc priest, an orc wizard and an orc.

Vanquished Creatures
  A bullfrog (D:2)
  5 adders
  3 worms (Sewer)
  A dart slug (D:1)
  3 orcs (D:3)
  6 ball pythons
  11 bats
  7 giant cockroaches
  7 goblins
  3 hobgoblins
  4 jackals (Sewer)
  11 oozes
  5 quokkas
  6 frilled lizards
  5 kobolds
  7 rats
85 creatures vanquished.

Notes
Turn   | Place    | Note
-------+----------+-------------------------------------------
     0 | D:1      | pistachioham the Minotaur Fighter began the quest for the
                  | Orb.
     0 | D:1      | Reached XP level 1. HP: 19/19 MP: 0/0
   197 | D:1      | Reached XP level 2. HP: 20/27 MP: 1/1
   862 | D:2      | Found a shimmering altar of Xom.
   862 | D:2      | Found a shimmering altar of Xom.
   863 | D:2      | Found a shimmering altar of Xom.
   863 | D:2      | Found a shimmering altar of Xom.
   890 | D:2      | Found a shimmering altar of Xom.
   891 | D:2      | Found a shimmering altar of Xom.
   892 | D:2      | Found a shimmering altar of Xom.
   892 | D:2      | Found a shimmering altar of Xom.
   911 | D:2      | Reached XP level 3. HP: 33/33 MP: 2/2
  1582 | D:2      | Reached XP level 4. HP: 38/41 MP: 3/3
  1616 | D:2      | Noticed a bullfrog
  1621 | D:2      | Killed a bullfrog
  1622 | D:2      | Reached skill level 5 in Axes
  1892 | D:3      | Reached XP level 5. HP: 47/47 MP: 4/4
  1895 | D:3      | Reached skill level 5 in Fighting
  1897 | D:3      | Identified a scroll of acquirement
  1897 | D:3      | Acquired a +1 vorpal fustibalus
  2083 | D:3      | Found a sacrificial altar of Ru.
  2151 | D:3      | Found a glowing drain.
  2189 | Sewer    | Entered a sewer
  2961 | D:3      | HP: 2/48 [orc priest/nerve-wracking pain (13)]
  2961 | D:3      | Slain by an orc priest

Illustrated notes

Levels and vault maps discovered:
D:1:      minmay_arrival_up_and_down, layout_loops_cross
D:2:      layout_basic, xom_redecorated
D:3:      layout_basic, marbit_many_paths, portal_sewer_entry_a,
          grunt_ministairs_11, nicolae_ru_great_annihilating_truth

Skill      XL: |  1  2  3  4  5 |
---------------+----------------+-----
Axes           | 3 4 5 |  5.8
Fighting       | 4 5 |  5.2
Slings         | |  0.9
Armour         | |  3.6
Shields        | |  3.6

Action                   |  1- 3 |  4- 6 || total
-------------------------+-------+-------++-------
Melee: War axe           |    78 |    88 ||   166
       Headbutt          |    11 |     8 ||    19
 Fire: Fustibalus        |       |     3 ||     3
  Use: Scroll            |       |     4 ||     4
 Stab: Paralysed         |       |     2 ||     2
Armor: Scale mail        |    32 |    46 ||    78
Dodge: Dodged            |    28 |    35 ||    63
Block: Kite shield       |    48 |    57 ||   105

Table legend: (Time is in decaauts)
 A = Elapsed time spent in this place.
 B = Non-inter-level travel time spent in this place.
 C = Inter-level travel time spent in this place.
 D = Time resting spent in this place.
 E = Time spent auto-exploring this place.
 F = Levels seen in this place.
 G = Mean time per level.
                   A        B        C        D        E       F      G
               +--------+--------+--------+--------+--------+-----+--------+
         Total |   3229 |   3048 |    181 |    336 |   1761 |   4 |  807.2 |
       Dungeon |   2293 |   2112 |    181 |    259 |   1294 |   3 |  764.3 |
         Sewer |    936 |    936 |      0 |     77 |    467 |   1 |  936.0 |
               +--------+--------+--------+--------+--------+-----+--------+

Top non-repeatable levels by time:
     D:2: 1130 daAuts
     D:1: 948 daAuts
   Sewer: 936 daAuts
     D:3: 213 daAuts
